 Dungeon Crawl Stone Soup version 0.20.0-15-g7f486f2 (webtiles) character file.

1277 anfisbena the Carver (level 8, -6/39 HPs)
             Began as a Vine Stalker Fighter on June 16, 2017.
             Mangled by an ice beast (8 damage)
             ... on level 5 of the Dungeon.
             The game lasted 00:05:34 (4214 turns).

anfisbena the Carver (Vine Stalker Fighter)         Turns: 4214, Time: 00:05:35

Health: -6/39      AC:  5    Str: 18    XL:     8   Next: 54%
Magic:  0/9        EV:  8    Int:  6    God:
Gold:   214        SH: 10    Dex: 23    Spells: 7/7 levels left

rFire    . . .     SeeInvis .   a - +0 scimitar
rCold    . . .     Gourm    .   c - +0 shield
rNeg     . . .     Faith    .   C - +2 leather armour "Erphoyblof" {Int-2 Dex+6}
rPois    .         Spirit   +   (no helmet)
rElec    .         Reflect  .   (no cloak)
rCorr    .         Harm     .   (no gloves)
MR       +....                  (no boots)
Stlth    ++........             o - amulet of rage
Regen    0.6/turn               (no ring)
MPRegen  0.2/turn               (no ring)

@: no status effects
A: fangs 3, regeneration 1, magic shield, antimagic bite, no potion heal 3, rot
immunity
a: Evoke Berserk Rage


You were on level 5 of the Dungeon.
You were not hungry.

You visited 1 branch of the dungeon, and saw 5 of its levels.

You collected 214 gold pieces.

Inventory:

Hand Weapons
 a - a +0 scimitar (weapon)
Armour
 c - a +0 shield (worn)
 C - the +2 leather armour "Erphoyblof" (worn) {Int-2 Dex+6}
   (You found it on level 5 of the Dungeon)

   It affects your intelligence (-2).
   It affects your dexterity (+6).
Jewellery
 o - an amulet of rage (around neck)
Wands
 y - a wand of random effects (19/48)
Scrolls
 b - a scroll of recharging {unknown}
 e - 2 scrolls of fear {unknown}
 h - 2 scrolls of identify {unknown}
 m - 2 scrolls of magic mapping {unknown}
 q - 2 scrolls of amnesia {unknown}
 u - a scroll of blinking {unknown}
 v - 3 scrolls of remove curse {unknown}
 w - a scroll of enchant armour {unknown}
 x - a scroll of teleportation {unknown}
 D - 2 scrolls of enchant weapon {unknown}
Potions
 d - 3 potions of might
 j - 4 potions of curing {unknown}
 k - 3 potions of flight {unknown}
 l - a potion of invisibility {unknown}
 n - 2 potions of heal wounds {unknown}
 r - a potion of lignification {unknown}
 s - 2 potions of agility {unknown}
 t - a potion of resistance {unknown}
 z - a potion of brilliance {unknown}
 B - a potion of haste {unknown}
Comestibles
 f - 3 bread rations
 g - 11 fruits
 p - 2 royal jellies
 A - a meat ration


   Skills:
 - Level 2.6 Fighting
 + Level 9.4 Long Blades
 - Level 2.4 Armour
 - Level 2.6 Shields


You had 7 spell levels left.
You didn't know any spells.

Dungeon Overview and Level Annotations

Branches:
Dungeon (5/15)
 Temple: D:4-7

Altars:
Cheibriados
Fedhas
Hepliaklqana
Nemelex Xobeh
Ru
Vehumet
Yredelemnul
The Shining One

Shops:
D:4 =   D:5 (}}


Innate Abilities, Weirdness & Mutations

You have razor-sharp teeth.
Your natural rate of healing is unusually fast.
When hurt, damage is shared between your health and your magic reserves.
Your bite disrupts and absorbs the magic of your enemies.
Potions cannot restore your health.
You are immune to rotting.


Message History

The ice beast is severely wounded.
The ice beast hits you but does no damage.
The ice beast hits you.
* * * LOW HITPOINT WARNING * * *
The ice beast freezes you!
* * * LOW HITPOINT WARNING * * *
You hit the ice beast. Your bite misses the ice beast.
The ice beast is almost dead.
The ice beast hits you but does no damage.
You hit the ice beast but do no damage.
You bite the ice beast, but do no damage.
The ice beast is almost dead.
The ice beast hits you but does no damage.
You hit the ice beast but do no damage. You bite the ice beast.
You drain its power.
You feel invigorated.
The ice beast is almost dead.
The ice beast hits you.
* * * LOW HITPOINT WARNING * * *
The ice beast freezes you!
You die...

..## #......#.# .#.# #.#.#.
...########.#.###......
#.#.#. ....######.<.........
.# ..#.#.
.[#......##.#.###..... #
#.##.#. .#######.'..#.# .#.##
.. #.#. ..#......#.##.#
#.#.## #. #.#.
....######.##.###.....## #.#.
...## ##.##.##Y%.[.... #.#.
..## #..##.##@...# #... .##
#..##.##.#.## #..# ##
##..##.##.# # #..#
#...#..##.#.#### #..#
##.#..#........... #..#
#[.#.#..##....##>#.## #...
##.##.#..##..#.# #..# ###.#
######........#####... ...#.#
#.#
.<.........##.#####.####..#.#
#.#


You could see an ice beast.

Vanquished Creatures
  A human (D:3)
  An ice beast (D:5)
  A phantom (D:5)
  2 centaurs
  The ghost of Hook the Insei, an amateur DsTm (D:3)
  2 scorpions
  3 hounds (D:4)
  A human zombie (D:3)
  An orc wizard (D:4)
  A jelly (D:5)
  2 bullfrog skeletons
  3 orc priests (D:5)
  A centaur skeleton (D:4)
  A worker ant (D:4)
  9 adders
  4 gnolls (D:2)
  3 worms
  2 dart slugs
  2 leopard geckos (D:3)
  17 orcs
  4 bats
  4 giant cockroaches
  7 goblins
  7 hobgoblins
  11 jackals
  7 kobolds
  4 ball pythons
  4 frilled lizards
  A goblin zombie (D:3)
  A kobold zombie (D:3)
  A leopard gecko skeleton (D:4)
  8 rats
117 creatures vanquished.

Notes
Turn   | Place    | Note
-------+----------+-------------------------------------------
     0 | D:1      | anfisbena the Vine Stalker Fighter began the quest for the Orb.
     0 | D:1      | Reached XP level 1. HP: 11/11 MP: 2/2
    82 | D:1      | Reached skill level 2 in Long Blades
   236 | D:1      | Reached XP level 2. HP: 12/16 MP: 3/3
   583 | D:1      | Found a snail-covered altar of Cheibriados.
   763 | D:1      | Reached skill level 3 in Long Blades
   826 | D:2      | Reached XP level 3. HP: 19/19 MP: 4/4
   846 | D:2      | Found a blossoming altar of Fedhas.
  1553 | D:2      | Gained mutation: Your natural rate of healing is unusually fast. [Vine Stalker growth]
  1553 | D:2      | Reached XP level 4. HP: 17/23 MP: 5/5
  1568 | D:2      | Reached skill level 4 in Long Blades
  1914 | D:3      | Found a runed door.
  1914 | D:3      | Noticed a human
  1914 | D:3      | Noticed a centaur
  1920 | D:3      | Killed a centaur
  1920 | D:3      | Reached skill level 5 in Long Blades
  1920 | D:3      | Reached XP level 5. HP: 18/27 MP: 6/6
  1931 | D:3      | Found a basalt altar of Yredelemnul.
  1958 | D:3      | Killed a human
  1958 | D:3      | Reached XP level 6. HP: 18/32 MP: 3/7
  1974 | D:3      | Reached skill level 6 in Long Blades
  2061 | D:3      | Noticed Hook's ghost (amateur DsTm)
  2080 | D:3      | Killed Hook's ghost
  2157 | D:3      | Found a radiant altar of Vehumet.
  2164 | D:3      | Reached XP level 7. HP: 34/35 MP: 8/8
  2753 | D:4      | Reached skill level 7 in Long Blades
  2905 | D:4      | Found a sparkling altar of Nemelex Xobeh.
  3498 | D:4      | Found Qotu's Jewellery Shop.
  3664 | D:5      | Entered Level 5 of the Dungeon
  3674 | D:5      | Reached skill level 8 in Long Blades
  3681 | D:5      | Got a crude leather armour
  3717 | D:4      | Identified the +2 leather armour "Erphoyblof" {Int-2 Dex+6} (You found it on level 5 of the Dungeon)
  3731 | D:5      | Gained mutation: You have razor-sharp teeth. [Vine Stalker growth]
  3731 | D:5      | Reached XP level 8. HP: 31/39 MP: 7/9
  3802 | D:5      | Found a glowing golden altar of the Shining One.
  3871 | D:5      | Reached skill level 9 in Long Blades
  3914 | D:5      | Found Syvvayra's Antique Weapon Shop.
  3962 | D:5      | Found a sacrificial altar of Ru.
  4032 | D:5      | Found Yram Veate's Gadget Emporium.
  4069 | D:5      | Found a hazy altar of Hepliaklqana.
  4108 | D:5      | Found Befem's Gadget Shoppe.
  4214 | D:5      | Mangled by an ice beast

Skill      XL: |  1  2  3  4  5  6  7  8 |
---------------+-------------------------+-----
Long Blades    | 2 3 5 6 8 9 |  9.4
Fighting       | |  2.6
Armour         | |  2.4
Shields        | |  2.6

Action                   |  1- 3 |  4- 6 |  7- 9 || total
-------------------------+-------+-------+-------++-------
Melee: Long sword        |    78 |   102 |   138 ||   318
       Bite              |    23 |    29 |    81 ||   133
       Scimitar          |       |       |    49 ||    49
 Stab: Sleeping          |       |       |     1 ||     1
  Eat: Chunk             |     2 |     2 |     7 ||    11
Armor: Scale mail        |    30 |    27 |    48 ||   105
       Leather armour    |       |       |     7 ||     7
Dodge: Dodged            |    41 |    24 |    44 ||   109
Block: Shield            |    45 |    36 |    80 ||   161
       Rpst.: Long sword |    10 |     7 |    13 ||    30
       Scimitar          |       |       |     3 ||     3
